 Dungeon Crawl Stone Soup version 0.19.0-19-g8c6edcc (webtiles) character file.

97 Rrauwl the Gusty (level 4, -3/25 HPs)
             Began as a Tengu Air Elementalist on Nov 14, 2016.
             Killed from afar by Natasha (6 damage)
             ... with a magic dart
             ... on level 2 of the Dungeon.
             The game lasted 00:16:05 (1390 turns).

Rrauwl the Gusty (Tengu Air Elementalist)           Turns: 1390, Time: 00:16:06

Health: -3/25      AC:  3    Str:  7 (8)  XL:     4   Next: 68%
Magic:  2/8        EV: 14    Int: 13 (16) God:
Gold:   111        SH:  0    Dex: 20 (21) Spells: 1 memorised, 7 levels left

rFire  . . .     SeeInvis .     d - +0 mace
rCold  . . .     Gourm    .     a - +0 robe
rNeg   . . .     Faith    .     (no shield)
rPois  .         Spirit   .     (helmet restricted)
rElec  .         Reflect  .     (no cloak)
rCorr  .         Harm     .     j - +0 pair of gloves
MR     .....                    (boots unavailable)
Stlth  ++........               (no amulet)
                                (no ring)
                                e - +6 ring of dexterity

@: very slightly contaminated
A: beak, talons 3
a: no special abilities


You were on level 2 of the Dungeon.
You were not hungry.

You visited 1 branch of the dungeon, and saw 2 of its levels.

You collected 111 gold pieces.

Inventory:

Hand Weapons
 d - a +0 mace (weapon)
Armour
 a - a +0 robe (worn)
 j - a +0 pair of gloves (worn)
Jewellery
 e - a +6 ring of dexterity (left hand)
Scrolls
 i - a scroll of identify
 k - a scroll of enchant weapon
Potions
 l - a potion of berserk rage
Books
 b - a book of Air

   Spells                             Type                      Level
   a - Shock                          Conjuration/Air              1
   b - Swiftness                      Charms/Air                   2
   c - Repel Missiles                 Charms/Air                   2
   d - Static Discharge               Conjuration/Air              3
   e - Lightning Bolt                 Conjuration/Air              5
Comestibles
 c - a bread ration
 f - 8 chunks of flesh
 g - a beef jerky
 h - 2 meat rations
 m - 2 fruits


   Skills:
 + Level 1.2 Fighting
 + Level 1.6 Maces & Flails
 + Level 3.0 Dodging
 - Level 2.0 Stealth
 + Level 2.5 Spellcasting
 + Level 2.3 Conjurations
 + Level 4.7 Air Magic


You had 7 spell levels left.
You knew the following spells:

 Your Spells              Type           Power        Failure   Level  Hunger
a - Shock                 Conj/Air       ##..         8%          1    #......


Dungeon Overview and Level Annotations

Branches:
Dungeon (2/15)

Altars:
Uskayaw

Annotations:
D:2 Natasha


Innate Abilities, Weirdness & Mutations

You have a beak for a mouth.
You have claws for feet.


Message History

Natasha claws you!
* * * LOW HITPOINT WARNING * * *
Casting: Shock
Confirm with . or Enter, or press ? or * to list all spells.
Aiming: Shock
Press: ? - help, Shift-Dir - straight line, f/p - Natasha
Aim: Natasha (moderately wounded)
The zap hits Natasha.
Natasha is heavily wounded.
Natasha barely misses you.
Casting: Shock
Confirm with . or Enter, or press ? or * to list all spells.
Aiming: Shock
Press: ? - help, Shift-Dir - straight line, f/p - Natasha
Aim: Natasha (heavily wounded)
The zap hits Natasha.
Natasha is heavily wounded.
Natasha stares at you and mumbles some strange words.
The magic dart hits you!
You die...

#.# #.# #(.# #.##.# #.# #.# #.##
#.##.# #.# #.# #.# #.##.##
#.######.#####.############.....#
#...............................#
#..##########.##.##############.#
#..# #.#.....<...# #.# #...
#.......###.# #.# ##.## ###.@##.#
#.# #.# ##.h##.### #.# #.#
#)........ #.# #.#
######...##..## #.# #.....#..# .#
#.# ###.##.#..## # #.#
#.....<##.# #.# #.###..##.# #.#
...# #..##.# #.%


You could see Natasha.

Vanquished Creatures
  Natasha (D:2)
  An adder (D:2)
  3 oozes (D:1)
  2 worms (D:2)
  A dart slug (D:2)
  A leopard gecko (D:1)
  4 giant cockroaches
  6 hobgoblins
  A ball python (D:1)
  5 bats
  5 frilled lizards
  5 goblins
  3 kobolds
  6 rats
44 creatures vanquished.

Notes
Turn   | Place    | Note
-------+----------+-------------------------------------------
     0 | D:1      | Rrauwl the Tengu Air Elementalist began the quest for the Orb.
     0 | D:1      | Reached XP level 1. HP: 10/10 MP: 4/4
   349 | D:1      | Reached XP level 2. HP: 5/15 MP: 0/6
   686 | D:1      | Reached XP level 3. HP: 20/20 MP: 0/7
   778 | D:1      | Reached skill level 1 in Maces & Flails
  1110 | D:2      | Found a hide-covered altar of Uskayaw.
  1111 | D:2      | Noticed a dagger
  1111 | D:2      | Noticed a hand axe
  1289 | D:2      | Noticed Natasha
  1295 | D:2      | Reached skill level 1 in Fighting
  1295 | D:2      | Reached XP level 4. HP: 25/25 MP: 2/8
  1300 | D:2      | Killed Natasha
  1382 | D:2      | Noticed Natasha
  1390 | D:2      | Killed from afar by Natasha

Skill      XL: |  1  2  3  4 |
---------------+-------------+-----
Maces & Flails | 1 |  1.6
Conjurations   | 2 |  2.3
Fighting       | 1 |  1.2
Dodging        | 3 |  3.0
Stealth        | |  2.0
Spellcasting   | |  2.5
Air Magic      | |  4.7

Action                   |  1- 3 |  4- 6 || total
-------------------------+-------+-------++-------
Melee: Mace              |    64 |     8 ||    72
       Kick              |    19 |     1 ||    20
       Peck              |    17 |     3 ||    20
 Cast: Shock             |    62 |     9 ||    71
  Use: Potion            |     7 |     1 ||     8
       Scroll            |     1 |     1 ||     2
 Stab: Sleeping          |       |     1 ||     1
  Eat: Chunk             |     3 |       ||     3
Armor: Robe              |    13 |     3 ||    16
Dodge: Dodged            |    34 |     8 ||    42
